 Dungeon Crawl Stone Soup version 0.20-a0-1111-g4e342e6 (webtiles) character file.

280 Kriby the Insei (level 6, -2/49 HPs)
             Began as a Human Monk on May 6, 2017.
             Killed from afar by an orc wizard (7 damage)
             ... with a magic dart
             ... on level 4 of the Dungeon.
             The game lasted 00:06:42 (4807 turns).

Kriby the Insei (Human Monk)                        Turns: 4807, Time: 00:06:43

Health: -2/49      AC:  7    Str: 16    XL:     6   Next: 52%
Magic:  6/6        EV: 19    Int: 14    God:
Gold:   111        SH:  0    Dex: 22    Spells: 5/5 levels left

rFire    . . .     SeeInvis .     - Unarmed
rCold    . . .     Gourm    .   (no shield)
rNeg     . . .     Faith    .   p - +0 leather armour
rPois    .         Spirit   .   u - +2 helmet {Int+3}
rElec    .         Reflect  .   (no cloak)
rCorr    .         Harm     .   (no gloves)
MR       .....                  r - +0 pair of boots
Stlth    +++.......             (no amulet)
Regen    0.2/turn               (no ring)
MPRegen  0.1/turn               (no ring)

@: mighty, agile, flying
A: no striking features
a: no special abilities


You were on level 4 of the Dungeon.
You were hungry.

You visited 1 branch of the dungeon, and saw 4 of its levels.

You collected 111 gold pieces.

Inventory:

Missiles
 c - 46 sling bullets
 n - 8 javelins (quivered)
Armour
 p - a +0 leather armour (worn)
 r - a +0 pair of boots (worn)
 u - a +2 helmet of intelligence (worn)
Wands
 a - a wand of enslavement (9/24)
Scrolls
 e - a scroll of teleportation
 f - 2 scrolls of fog
 g - a scroll of fear {unknown}
 h - a scroll of remove curse
 j - 3 scrolls of identify
 k - a scroll of random uselessness {unknown}
 m - a scroll of blinking {unknown}
 o - a scroll of magic mapping
 t - a scroll of recharging {unknown}
Potions
 l - 2 potions of agility
Comestibles
 b - 3 bread rations
 s - a royal jelly
 v - a meat ration
 w - a chunk of flesh


   Skills:
 + Level 4.7 Fighting
 - Level 3.0 Dodging
 - Level 2.0 Stealth
 * Level 5.7 Unarmed Combat


You had 5 spell levels left.
You didn't know any spells.

Dungeon Overview and Level Annotations

Branches:
Dungeon (4/15)
 Temple: D:4-7

Altars:
Okawaru
Xom

Shops:
D:4 :

Annotations:
D:4 EvilAshe's ghost, amateur MiHu


Message History

EvilAshe's ghost hits you!
You are too injured to fight recklessly!
You feel better.
The orc priest begins to cast a cantrip, but forgets the words!
EvilAshe's ghost hits you.
You are too injured to fight recklessly!
You closely miss EvilAshe's ghost.
EvilAshe's ghost is heavily damaged.
EvilAshe's ghost hits you!
* * * LOW HITPOINT WARNING * * *
EvilAshe's ghost hits you.
* * * LOW HITPOINT WARNING * * *
EvilAshe's ghost makes a sound of rattling chains.
The orc priest invokes the aid of Beogh against you.
Pain shoots through your body!
* * * LOW HITPOINT WARNING * * *
Found a shimmering altar of Xom.
A magic dart appears from out of thin air!
The magic dart hits you!
You die...

**,,**###...########.# *,*,****,
*,,*,*#.........# #.####.#,* *,
,,*,,_##o#......# #".....#,* *,
,*,,*###.#......####..#####,*****
*,,,##.#.#............##..,,*,,,,
#####..#.....###..........#**,***
...........#.###..###.###..,,,* *
......###......#..# *.# *,*,*** *
.......∩........@.###+#**,*,* *
.....#######.#.#..###_+,,,*,* *
##..............W.###+#**,,,* *
####.......o...#.# *,* *,*******
#....o....#.{.#.#**,***,,,,,,,,
#.#######.#...#..,,,,,,,*******
#.# #.#...#.#.*,**,,*
#.#######.....#.#..,**,**
#...........#...#,##**,*


You could see an orc priest and EvilAshe's ghost.

Vanquished Creatures
  A necrophage (D:3)
  A hound (D:3)
  An orc wizard (D:2)
  A worker ant (D:4)
  An adder (D:3)
  3 worms
  3 leopard geckos
  8 orcs
  7 giant cockroaches
  3 goblins
  8 hobgoblins
  15 jackals
  A quokka (D:2)
  2 ball pythons
  9 bats
  A frilled lizard (D:1)
  7 kobolds
  10 rats
82 creatures vanquished.

Notes
Turn   | Place    | Note
-------+----------+-------------------------------------------
     0 | D:1      | Kriby the Human Monk began the quest for the Orb.
     0 | D:1      | Reached XP level 1. HP: 18/18 MP: 1/1
   133 | D:1      | Reached XP level 2. HP: 21/24 MP: 2/2
   568 | D:1      | Reached XP level 3. HP: 21/29 MP: 3/3
  1357 | D:2      | Reached skill level 4 in Unarmed Combat
  1969 | D:2      | Reached XP level 4. HP: 27/36 MP: 4/4
  2996 | D:2      | Reached XP level 5. HP: 32/42 MP: 5/5
  3689 | D:3      | Reached skill level 5 in Unarmed Combat
  4041 | D:3      | Noticed a necrophage
  4057 | D:3      | Killed a necrophage
  4057 | D:3      | Reached XP level 6. HP: 40/49 MP: 6/6
  4182 | D:3      | Found an iron altar of Okawaru.
  4511 | D:3      | Found a faded altar of an unknown god.
  4647 | D:4      | Found Doywiogo's Book Shop.
  4769 | D:4      | Noticed EvilAshe's ghost (amateur MiHu)
  4805 | D:4      | Found a shimmering altar of Xom.
  4807 | D:4      | Killed from afar by an orc wizard

Vault maps used:
D:1:      ncdulo_halloftheorcs, minivault_23
D:2:      first_bread
D:3:      lemuel_round_altar, chequers_ecumenical_altar_simple
D:4:      lemuel_doored_altar, gammafunk_temple_overflow_elements,
          marbit_many_paths, serial_shops, shop

Skill      XL: |  1  2  3  4  5 |
---------------+----------------+-----
Unarmed Combat | 4 5 |  5.7
Fighting       | 4 |  4.7
Dodging        | |  3.0
Stealth        | |  2.0

Action                   |  1- 3 |  4- 6 || total
-------------------------+-------+-------++-------
Melee: Unarmed           |   165 |   213 ||   378
       Punch             |     1 |     6 ||     7
  Use: Potion            |       |     6 ||     6
       Scroll            |       |     4 ||     4
 Stab: Sleeping          |     1 |     2 ||     3
  Eat: Chunk             |     3 |     7 ||    10
       Royal jelly       |       |     1 ||     1
Armor: Robe              |    21 |     7 ||    28
       Leather armour    |       |    61 ||    61
Dodge: Dodged            |   105 |   187 ||   292
